Map: Eternal Empire LE

Players

zuka - Winner!

  • Race: Protoss Protoss
  • League: Master
  • Spawn Location: 7:00

llllllllllll

  • Race: Terran Terran
  • League: Master
  • Spawn Location: 1:00

VOD

Have the link to the VOD?

Description

Time

  • Played on: Dec. 17, 2019, 1:13 p.m.
  • Length: 7:53
Show
View Real Time Build Order
Export as new Build Order

zuka Protoss - Winner!

Build Orders: 1 Gate Expand, Zealot Archon, Dark Templar Rush 

Get SALT Encoding   

  12  0:01  Probe  
  13  0:13  Probe  
  14  0:17  Pylon  
  14  0:25  Probe (Chrono Boost)  
  16  0:36  Probe (Chrono Boost)  
  16  0:38  Gateway  
  16  0:42  Probe  
  16  0:49  Assimilator  
  17  0:54  Probe (Chrono Boost)  
  18  1:06  Probe (Chrono Boost)  
  19  1:14  Probe (Chrono Boost)  
  20  1:20  Probe  
  21  1:29  Cybernetics Core  
  21  1:40  Nexus  
  21  1:47  Pylon  
  21  1:49  Probe  
  22  1:54  Assimilator  
  22  2:01  Probe  
  22  2:04  Stalker (Chrono Boost)  
  25  2:10  Warp Gate  
  25  2:13  Probe  
  26  2:25  Probe  
  26  2:26  Stalker  
  29  2:36  Twilight Council  
  29  2:37  Probe  
  30  2:45  Shield Battery  
  30  2:50  Probe  
  31  2:52  Probe  
  32  3:02  Probe  
  32  3:04  Probe  
  34  3:07  Robotics Facility  
  34  3:14  Probe (Chrono Boost)  
  34  3:16  Probe (Chrono Boost)  
  36  3:23  Dark Shrine  
  37  3:28  Probe (Chrono Boost)  
  37  3:32  Probe (Chrono Boost)  
  38  3:35  Gateway  
  38  3:38  Probe (Chrono Boost), Gateway  
  38  3:39  Probe (Chrono Boost)  
  40  3:49  Probe  
  40  3:50  Probe  
  40  3:52  Assimilator  
  40  3:54  Observer (Chrono Boost)  
  43  3:59  Pylon  
  43  4:02  Probe  
  45  4:11  Warp Prism (Chrono Boost)  
  46  4:17  Probe  
  46  4:21  Pylon  
  46  4:23  Probe  
  48  4:26  Gateway x2  
  48  4:30  Probe  
  49  4:34  Assimilator  
  49  4:35  Charge (Chrono Boost)  
  49  4:38  Shadow Stride  
  49  4:42  Pylon  
  49  4:52  Dark Templar  
  51  4:54  Immortal  
  51  4:58  Dark Templar  
  57  5:04  Gateway  
  56  5:09  Gateway  
  56  5:12  Gateway  
  56  5:29  Dark Templar x2  
  56  5:30  Zealot  
  56  5:31  Zealot x2  
  66  5:36  Pylon  
  66  5:40  Gateway  
  66  5:43  Gateway  
  66  5:48  Pylon  
  66  5:54  Dark Templar  
  68  5:59  Dark Templar  
  68  6:00  Zealot  
  68  6:02  Zealot  
  74  6:04  Zealot  
  74  6:07  Zealot  
  78  6:15  Pylon  
  78  6:30  Zealot x4  
  84  6:40  Zealot x5  
  74  7:00  Zealot x7  
  84  7:18  Dark Templar x2  
  88  7:27  Archon  
  88  7:28  Archon  
  82  7:30  Zealot x4  
  82  7:31  Zealot  
  88  7:37  Zealot  
  88  7:38  Zealot  
Show
View Real Time Build Order
Export as new Build Order

llllllllllll Terran 

Build Orders: Gas First Reaper Expand 

Get SALT Encoding   

  12  0:00  SCV  
  13  0:13  SCV  
  14  0:17  Supply Depot  
  14  0:25  SCV  
  15  0:28  Refinery  
  15  0:39  SCV  
  16  0:45  Barracks  
  16  0:51  SCV  
  17  1:03  SCV  
  18  1:15  SCV  
  19  1:32  Reaper, Orbital Command  
  20  1:45  Command Center  
  20  1:56  Factory  
  20  2:02  SCV  
  20  2:05  Refinery  
  21  2:15  SCV  
  22  2:18  Barracks Reactor  
  22  2:19  Supply Depot  
  22  2:27  SCV  
  23  2:41  SCV  
  23  2:42  Starport  
  24  2:44  Widow Mine  
  26  2:53  SCV  
  26  2:56  Orbital Command  
  28  3:05  SCV  
  28  3:07  Marine x2  
  28  3:08  Widow Mine  
  32  3:17  SCV  
  32  3:19  Supply Depot, Starport Tech Lab  
  33  3:23  SCV  
  34  3:28  Marine, Engineering Bay  
  34  3:29  SCV  
  34  3:32  Marine  
  39  3:34  Widow Mine  
  39  3:36  SCV  
  39  3:39  Raven  
  42  3:42  SCV  
  43  3:49  Barracks  
  43  3:50  SCV  
  44  3:56  Barracks  
  44  3:57  Factory Tech Lab  
  44  3:59  SCV  
  44  4:01  Terran Infantry Weapons Level 1  
  45  4:03  SCV  
  45  4:05  Marine  
  45  4:09  Marine  
  48  4:13  Refinery  
  48  4:19  Supply Depot  
  48  4:23  Marine  
  49  4:24  SCV  
  49  4:25  Factory Reactor, SCV  
  51  4:31  Starport Reactor  
  51  4:32  Supply Depot  
  51  4:34  Marine  
  51  4:36  SCV  
  53  4:42  SCV  
  53  4:43  Stimpack  
  53  4:44  Marauder  
  56  4:46  Marine  
  56  4:49  Supply Depot, SCV  
  58  4:53  Combat Shield  
  58  4:54  SCV  
  59  5:02  Widow Mine x2, Marauder  
  59  5:03  SCV, Marine  
  59  5:04  Marine  
  68  5:10  Supply Depot  
  68  5:12  SCV  
  69  5:16  Refinery  
  69  5:17  Marauder, Medivac  
  69  5:29  SCV  
  70  5:37  Marine x2, Marauder  
  70  5:39  Widow Mine x2, SCV  
  79  5:47  Medivac  
  79  5:48  Marauder  
  79  5:49  SCV  
  84  5:52  Missile Turret  
  84  5:56  Missile Turret  
  84  5:59  Marauder  
  86  6:19  SCV, Marine, Marauder, Widow Mine, Supply Depot, Medivac  
  86  6:20  Supply Depot  
  94  6:37  SCV, Marauder, Medivac  
  89  6:53  Marine  
  89  6:54  Marine, Marauder  
  89  6:55  Widow Mine x2  
  89  6:58  Marine  
  93  7:04  Medivac  
  93  7:11  Marine  
  93  7:15  Marauder  
  79  7:34  Marine x2  
Tags
 
Add a new tag
Caveats
  • Supply blocks, unpowered buildings, or Contaminate may cause inaccurate times.
  • Supply counts are checked every 10 seconds.